 Dungeon Crawl Stone Soup version 0.28-a0-872-g80cf8599ee (webtiles) character file.

Game seed: 13584569144001058030

452 swappor the Chopper (level 6, -1/57 HPs)
             Began as a Minotaur Berserker on Nov 21, 2021.
             Was a Priest of Trog.
             Succumbed to a scorpion's poison
             ... on level 5 of the Dungeon.
             The game lasted 00:11:38 (4264 turns).

swappor the Chopper (Minotaur Berserker)            Turns: 4264, Time: 00:11:39

Health: -1/57      AC:  7    Str: 23    XL:     6   Next: 75%
Magic:  5/5        EV:  6    Int:  4    God:    Trog [***...]
Gold:   112        SH: 11    Dex: 10    Spells: 5/5 levels left

rFire   . . .      SeeInvis .   a - +0 hand axe
rCold   . . .      Faith    .   k - +0 tower shield
rNeg    . . .      Spirit   .   e - +0 scale mail
rPois   .          Reflect  .   (helmet restricted)
rElec   .          Harm     .   (no cloak)
rCorr   .          Rampage  .   (no gloves)
Will    .....                   (no boots)
Stlth   ..........              (no amulet)
HPRegen 0.19/turn               (no ring)
MPRegen 0.09/turn               (no ring)

@: lethally poisoned (-1 -> -16)
A: horns 2, retaliatory headbutt
a: Renounce Religion, Berserk, Trog's Hand


You were on level 5 of the Dungeon.
You worshipped Trog.
Trog was most pleased with you.
You visited 1 branch of the dungeon, and saw 5 of its levels.

You collected 112 gold pieces.

Inventory:

Hand Weapons
 a - a +0 hand axe (weapon)
Armour
 e - a +0 scale mail (worn)
 k - a +0 tower shield (worn)
Wands
 p - a wand of mindburst (9)
Scrolls
 b - a scroll of torment {unknown}
 d - a scroll of silence {unknown}
 g - 5 scrolls of identify {unknown}
 l - 2 scrolls of enchant armour {unknown}
 m - a scroll of fear {unknown}
 n - a scroll of vulnerability {unknown}
 r - 2 scrolls of teleportation {unknown}
Potions
 c - a potion of lignification {unknown}
 f - a potion of brilliance {unknown}
 h - 2 potions of curing {unknown}
 i - 4 potions of cancellation {unknown}
 j - a potion of haste {unknown}
 o - a potion of attraction {unknown}
 q - a potion of ambrosia {unknown}


   Skills:
 * Level 5.8 Fighting
 * Level 5.9 Axes
 + Level 4.0 Armour
 + Level 3.7 Dodging
 + Level 2.3 Shields


You had 5 spell levels left.
You didn't know any spells.
Your spell library was empty.

Dungeon Overview and Level Annotations

Branches:
Dungeon (5/15)
 Temple: D:4-7

Altars:


Innate Abilities, Weirdness & Mutations

You have a pair of horns on your head.
You reflexively headbutt those who attack you in melee.


Message History

There is an entrance to an ossuary on this level.
Hurry and find it before the portal is buried!
Found a grey potion and a scroll labelled CAAGOO VOFFICW.
There is a stone staircase leading up here.
Found 20 poisoned darts.
i - 4 grey potions (gained 1)
g - 5 scrolls labelled NEUGIT PET XAO (gained 1)
Found 25 stones.
Found a stone staircase leading up.
r - 2 scrolls labelled CAAGOO VOFFICW (gained 1)
A scorpion comes into view.
Found an escape hatch in the ceiling.
You hit the scorpion but do no damage. The scorpion stings you.
You are poisoned.
The scorpion poisons you!
You hit the scorpion but do no damage.
You feel very sick. The scorpion stings you.
You are more poisoned.
The scorpion poisons you! You block the scorpion's attack.
You hit the scorpion but do no damage.
You feel very sick. The scorpion stings you. x2
You are more poisoned.
The scorpion poisons you!
You hit the scorpion. Your headbutt misses the scorpion.
The scorpion is lightly wounded.
You feel very sick. The scorpion stings you!
You are lethally poisoned!
The scorpion poisons you!
The scorpion stings you but does no damage.
* * * LOW HITPOINT WARNING * * *
You feel extremely sick.
An ogre comes into view. It is wielding a +0 giant spiked club.
* * * LOW HITPOINT WARNING * * *
You feel very sick.
The ogre shouts!
* * * LOW HITPOINT WARNING * * *
You feel very sick.
You die...

#.....# . #....## ..
#....####...
#..........<
###...(....#
##....#...###
##.....#..##
##.....s....#
####....@....#.....
#..#...<.#..###.#...
#.......##....### ##
##.......##.....
#........##/#O.#
#......##..####..
#..###....## .. #..#
...... #... .......


You could see an ogre and a scorpion.

Vanquished Creatures
  A phantom (D:4)
  A howler monkey (D:4)
  A hound (D:4)
  5 orc priests
  2 orc wizards (D:4)
  2 gnolls (D:4)
  2 adders
  A shadow imp (D:4)
  2 adder skeletons (D:4)
  A worm (D:2)
  3 dart slugs
  8 orcs
  2 endoplasms
  3 giant cockroaches
  7 goblins
  5 hobgoblins
  2 jackals (D:3)
  11 kobolds
  3 quokkas
  5 ball pythons
  A bat (D:2)
  3 frilled lizards
  10 rats
81 creatures vanquished.

Notes
Turn   | Place    | Note
-------+----------+-------------------------------------------
     0 | D:1      | swappor the Minotaur Berserker began the quest for the Orb.
     0 | D:1      | Reached XP level 1. HP: 19/19 MP: 0/0
   327 | D:1      | Reached XP level 2. HP: 27/27 MP: 1/1
   487 | D:1      | Found a faded altar of an unknown god.
   966 | D:2      | Reached ** piety under Trog
   967 | D:2      | Reached XP level 3. HP: 21/33 MP: 2/2
  2033 | D:3      | Reached XP level 4. HP: 36/41 MP: 3/3
  2931 | D:4      | Reached skill level 1 in Shields
  2982 | D:4      | Reached skill level 5 in Axes
  2982 | D:4      | Reached XP level 5. HP: 39/47 MP: 4/4
  3118 | D:4      | Reached skill level 5 in Fighting
  3241 | D:4      | Reached XP level 6. HP: 26/56 MP: 5/5
  3527 | D:4      | Reached *** piety under Trog
  4233 | D:5      | Entered Level 5 of the Dungeon
  4264 | D:5      | Succumbed to a scorpion's poison

Illustrated notes

Levels and vault maps discovered:
D:1:      heliophobic_arrival_enchanted_forest, layout_loops_ring,
          dreamdust_ecumenical_altar_statues, chequers_serial_rivers_micro_b,
          hangedman_decor_lopped, chequers_serial_rivers_micro_e
D:2:      minmay_general_purpose_star, layout_basic
D:3:      layout_basic
D:4:      layout_cave_pools
D:5:      layout_cave_pools, nicolae_ossuary_entry_giza, uniq_blork_the_orc

Skill      XL: |  1  2  3  4  5  6 |
---------------+-------------------+-----
Fighting       | 4 5 |  5.8
Axes           | 4 5 |  5.9
Armour         | 3 4 |  4.0
Shields        | 1 2 |  2.3
Dodging        | 3 |  3.7

Action                   |  1- 3 |  4- 6 || total
-------------------------+-------+-------++-------
Melee: Hand axe          |   120 |   126 ||   246
       Headbutt          |    11 |    21 ||    32
Invok: Trog's Hand       |       |     3 ||     3
       Berserk           |       |     3 ||     3
Armor: Animal skin       |     1 |       ||     1
       Scale mail        |    39 |    37 ||    76
Dodge: Dodged            |    43 |    23 ||    66
Block: Tower shield      |    14 |    71 ||    85

Table legend: (Time is in decaauts)
 A = Elapsed time spent in this place.
 B = Non-inter-level travel time spent in this place.
 C = Inter-level travel time spent in this place.
 D = Time resting spent in this place.
 E = Time spent auto-exploring this place.
 F = Levels seen in this place.
 G = Mean time per level.
                   A        B        C        D        E       F      G
               +--------+--------+--------+--------+--------+-----+--------+
         Total |   4380 |   4212 |    168 |    468 |   2919 |   5 |  876.0 |
       Dungeon |   4380 |   4212 |    168 |    468 |   2919 |   5 |  876.0 |
               +--------+--------+--------+--------+--------+-----+--------+

Top non-repeatable levels by time:
     D:4: 1355 daAuts
     D:3: 1269 daAuts
     D:1: 928 daAuts
     D:2: 794 daAuts
     D:5: 32 daAuts
